 Dungeon Crawl Stone Soup version 0.18-a0-24-g6e14259 (webtiles) character file.

1135 Hanyuu the Insei (level 8, -3/54 HPs)
             Began as an Octopode Transmuter on Nov 4, 2015.
             Was an Initiate of Sif Muna.
             Slain by chonchonts's ghost (15 damage)
             ... on level 4 of the Dungeon.
             The game lasted 00:11:28 (5860 turns).

Hanyuu the Insei (Octopode Transmuter)              Turns: 5860, Time: 00:11:28

Health: -3/54      AC:  2    Str: 10    XL:     8   Next: 36%
Magic:  10/11      EV: 28    Int: 17    God:    Sif Muna [......]
Gold:   211        SH:  0    Dex: 24    Spells: 3 memorised, 5 levels left

rFire  . . .     SeeInvis .       - Unarmed
rCold  . . .     Clarity  .     (shield currently unavailable)
rNeg   . . .     SustAt   .     (helmet currently unavailable)
rPois  x         Gourm    .     (no amulet)
rElec  .         Spirit   .     w - ring of protection from magic
rCorr  .         Warding  .     (no ring)
rMut   .         Stasis   .     (no ring)
MR     +....                    (no ring)
Stlth  +++.......               (no ring)
                                (no ring)
                                (no ring)
                                (no ring)

@: agile, spider-form (expiring), somewhat resistant to hostile enchantments,
fairly stealthy
A: almost no armour, amphibious, 8 rings, (constrict 8), (camouflage 0), agile
1, (gelatinous body 0)
a: End Transformation, Renounce Religion


You were on level 4 of the Dungeon.
You worshipped Sif Muna.
Sif Muna was noncommittal.
You were not hungry.
You were a venomous arachnid creature.
You visited 1 branch of the dungeon, and saw 4 of its levels.

You collected 211 gold pieces.

Inventory:

Missiles
 a - 96 arrows
 s - 3 javelins (quivered)
Jewellery
 w - a ring of protection from magic (left front leg)
Wands
 y - a wand of random effects (36)
Scrolls
 e - a scroll of noise {unknown}
 g - a scroll of blinking {unknown}
 i - a scroll of enchant armour {unknown}
 j - 2 scrolls of random uselessness {unknown}
 l - a scroll of immolation {unknown}
 m - 2 scrolls of recharging {unknown}
 n - a scroll of identify
 o - 2 scrolls of remove curse
 t - 3 scrolls of magic mapping {unknown}
Potions
 d - 2 potions of heal wounds
 f - 2 potions of curing
 r - a potion of flight
 u - 2 potions of mutation
 v - a potion of degeneration {unknown}
 z - a potion of ambrosia {unknown}
 A - a potion of brilliance {unknown}
Books
 b - a book of Changes

   Spells                             Type                      Level
   a - Beastly Appendage              Transmutation                1
   b - Sticks to Snakes               Transmutation                2
   c - Spider Form                    Transmutation/Poison         3
   d - Ice Form                       Ice/Transmutation            4
   e - Blade Hands                    Transmutation                5
 x - a book of the Earth

   Spells                             Type                      Level
   a - Leda's Liquefaction            Hexes/Earth                  4
   b - Bolt of Magma                  Conjuration/Fire/Earth       5
   c - Statue Form                    Transmutation/Earth          6
   d - Iron Shot                      Conjuration/Earth            6
   e - Shatter                        Earth                        9
Comestibles
 c - 3 bread rations
 k - 2 slices of pizza
 p - a beef jerky


   Skills:
 + Level 3.7 Fighting
 + Level 3.4 Dodging
 + Level 6.9 Unarmed Combat
 - Level 2.0 Spellcasting
 + Level 5.8 Transmutations
 - Level 1.0 Poison Magic


You had 5 spell levels left.
You knew the following spells:

 Your Spells              Type           Power        Failure   Level  Hunger
a - Beastly Appendage     Trmt           ###...       8%          1    #......
b - Sticks to Snakes      Trmt           ###.......   10%         2    ###....
c - Spider Form           Trmt/Pois      ##........   36%         3    ###....


Dungeon Overview and Level Annotations

Branches:
Dungeon (4/15)
 Temple: D:4-7

Altars:
Kikubaaqudgha
Okawaru
Sif Muna
Xom
Yredelemnul
Zin

Annotations:
D:4 chonchonts's ghost, amateur MiFi


Innate Abilities, Weirdness & Mutations

You cannot wear most types of armour.
You are amphibious.
You can wear up to eight rings at the same time.
((You can use your tentacles to constrict eight enemies at once.))
((Your skin changes colour to match your surroundings (Stealth).))
((Your rubbery body absorbs attacks (AC +1).))
You are agile. (Dex +2)


Message History

You hit chonchonts's ghost but do no damage.
Chonchonts's ghost is heavily damaged.
Chonchonts's ghost completely misses you.
You completely miss chonchonts's ghost.
Chonchonts's ghost is heavily damaged.
Chonchonts's ghost barely misses you.
You barely miss chonchonts's ghost.
Chonchonts's ghost is heavily damaged.
Your transformation is almost over.
You hit chonchonts's ghost.
Chonchonts's ghost is heavily damaged.
Chonchonts's ghost completely misses you.
You hit chonchonts's ghost but do no damage.
Chonchonts's ghost is heavily damaged.
Chonchonts's ghost hits you!
* * * LOW HITPOINT WARNING * * *
You barely miss chonchonts's ghost.
Chonchonts's ghost is heavily damaged.
Chonchonts's ghost hits you!
You die...

### ############### ##.#####
#.............# #.#.....
##.#####.......############.#####
#..........##...............#
#........#.###.###...##.....#####
#..#####.#.....Ws................
#..#####.#..#..###....#..........
#..##.......#..# ####.#.....####.
#..............######.#.#...####.
#..................##.#.##..##...
#........#.##.####.##.#.##..##.##
#.#.#.##.#.##...##..........##.##
#............##.#####...##.......
###.#.######.##.# ######.###.##


You could see chonchonts's ghost.

Vanquished Creatures
  A human (D:4)
  Menkaure (D:4)
  A phantom (D:4)
  An ogre (D:4)
  A scorpion (D:3)
  A crimson imp (D:4)
  A centaur skeleton (D:4)
  A hound (D:4)
  A human zombie (D:4)
  An iguana (D:4)
  6 orc priests
  3 orc wizards
  A human skeleton (D:4)
  A worker ant (D:4)
  7 adders
  3 gnolls
  2 oozes
  3 worms
  2 giant geckos
  19 orcs
  10 bats
  7 hobgoblins
  10 kobolds
  A quokka (D:4)
  A ball python (D:2)
  6 giant cockroaches
  11 goblins
  A jackal skeleton (D:4)
  7 rats
111 creatures vanquished.

Notes
Turn   | Place    | Note
--------------------------------------------------------------
     0 | D:1      | Hanyuu the Octopode Transmuter began the quest for the Orb.
     0 | D:1      | Reached XP level 1. HP: 13/13 MP: 3/3
   121 | D:1      | Reached XP level 2. HP: 13/18 MP: 3/5
   418 | D:1      | Reached skill level 4 in Unarmed Combat
   418 | D:1      | Reached XP level 3. HP: 10/23 MP: 4/6
   920 | D:1      | Learned a level 2 spell: Sticks to Snakes
   924 | D:1      | Learned a level 3 spell: Spider Form
  1012 | D:2      | Found an ancient bone altar of Kikubaaqudgha.
  1012 | D:2      | Found a glowing silver altar of Zin.
  1331 | D:2      | Reached skill level 1 in Poison Magic
  1331 | D:2      | Reached XP level 4. HP: 21/28 MP: 5/7
  2553 | D:3      | Reached XP level 5. HP: 9/34 MP: 0/8
  3042 | D:3      | Reached skill level 5 in Unarmed Combat
  3047 | D:3      | Reached XP level 6. HP: 17/39 MP: 6/9
  4188 | D:4      | Noticed Menkaure
  4221 | D:4      | Killed Menkaure
  4221 | D:4      | Reached skill level 6 in Unarmed Combat
  4221 | D:4      | Reached XP level 7. HP: 10/45 MP: 3/10
  4303 | D:4      | Noticed chonchonts's ghost (amateur MiFi)
  4757 | D:4      | Found a runed door.
  4757 | D:4      | Noticed a human
  4758 | D:4      | Found a basalt altar of Yredelemnul.
  4768 | D:4      | Reached skill level 5 in Transmutations
  4777 | D:4      | HP: 2/45 [human skeleton (2)]
  5015 | D:4      | Killed a human
  5190 | D:4      | Found a deep blue altar of Sif Muna.
  5201 | D:4      | Became a worshipper of Sif Muna the Loreminder
  5213 | D:4      | Gained mutation: You are agile. (Dex +2) [potion of beneficial mutation]
  5254 | D:4      | Reached XP level 8. HP: 37/52 MP: 9/11
  5353 | D:4      | Found an iron altar of Okawaru.
  5576 | D:4      | Found a shimmering altar of Xom.
  5860 | D:4      | Slain by chonchonts's ghost

Vault maps used:
D:1:      saegor_arrival_simple_c, minmay_close_crescents
D:2:      grunt_temple_overflow_open
D:4:      okawaru_ov_weapons_minmay, overflow_temple_1_default,
          lemuel_crystal_altar, first_bread, dk_yredelemnul_ordeal,
          uniq_menkaure

Action                   |  1- 3 |  4- 6 |  7- 9 || total
-------------------------+-------+-------+-------++-------
Melee: Unarmed           |    70 |   134 |   127 ||   331
Throw: Javelin           |       |     3 |       ||     3
 Cast: Beastly Appendage |     5 |     5 |     1 ||    11
       Spider Form       |       |     6 |     8 ||    14
 Abil: End Transformatio |       |     1 |       ||     1
  Use: Scroll            |       |     4 |     4 ||     8
       Potion            |       |     1 |     3 ||     4
 Stab: Sleeping          |     6 |     5 |     1 ||    12
       Distracted        |       |       |     1 ||     1
  Eat: Chunk             |     1 |     9 |     1 ||    11
       Fruit             |       |     1 |     1 ||     2
       Meat ration       |       |       |     1 ||     1
